 Dungeon Crawl Stone Soup version 0.25-a0-589-g1e14c54 (webtiles) character file.

Game seed: 4277276728318544245, levelgen mode: deterministic

52 BlueFish the Covered (level 3, -1/33 HPs)
             Began as a Minotaur Fighter on Mar 11, 2020.
             Slain by a gnoll (6 damage)
             ... on level 2 of the Dungeon.
             The game lasted 00:01:37 (812 turns).

BlueFish the Covered (Minotaur Fighter)              Turns: 812, Time: 00:01:37

Health: -1/33      AC:  7    Str: 20    XL:     3   Next: 60%
Magic:  2/2        EV: 10    Int:  5    God:
Gold:   67         SH:  0    Dex: 10    Spells: 2/2 levels left

rFire    . . .     SeeInvis .   a - +0 long sword
rCold    . . .     Gourm    .   (no shield)
rNeg     . . .     Faith    .   i - +0 ring mail
rPois    .         Spirit   .   (helmet restricted)
rElec    .         Reflect  .   n - +0 cloak
rCorr    .         Harm     .   (no gloves)
MR       .....                  (no boots)
Stlth    ..........             (no amulet)
HPRegen  0.11/turn              (no ring)
MPRegen  0.08/turn              (no ring)

@: no status effects
A: retaliatory headbutt, horns 2
a: no special abilities


You were on level 2 of the Dungeon.
You were not hungry.

You visited 1 branch of the dungeon, and saw 2 of its levels.

You collected 67 gold pieces.

Inventory:

Hand Weapons
 a - a +0 long sword (weapon)
 b - a +2 short sword of venom
 h - a +0 short sword of draining
 k - a +0 dagger of electrocution
Armour
 c - a +0 kite shield
 i - a +0 ring mail (worn)
 n - a +0 cloak (worn)
Scrolls
 g - 2 scrolls of fear
Potions
 d - a potion of might
 j - a potion of haste
Comestibles
 f - 3 rations
 m - 3 chunks of flesh


   Skills:
 * Level 4.1 Fighting
 * Level 3.0 Long Blades
 * Level 4.6 Armour
 + Level 0.2 Dodging
 + Level 4.0 Shields


You had 2 spell levels left.
You didn't know any spells.
Your spell library was empty.

Dungeon Overview and Level Annotations

Branches:
Dungeon (2/15)

Altars:


Innate Abilities, Weirdness & Mutations

You reflexively headbutt those who attack you in melee.
You have a pair of horns on your head.


Message History

You hit the frilled lizard.
You kill the frilled lizard!
The jackal misses you.
You riposte.
You slash the jackal!
You kill the jackal!
The gnoll hits you with a +0 whip.
* * * LOW HITPOINT WARNING * * *
Things that are here:
a jackal corpse; a frilled lizard corpse You hit the gnoll.
The gnoll is almost dead.
The gnoll barely misses you. You furiously retaliate!
You headbutt the gnoll.
You kill the gnoll!
Your Long Blades skill increases to level 3!
You hit the rat.
You kill the rat!
You hit the rat but do no damage. The rat closely misses you.
You furiously retaliate!
You headbutt the rat.
You riposte.
You slash the rat!
You kill the rat!
You barely miss the gnoll. The gnoll hits you.
You die...

...............
#######.#####..#......
#..........###<#......
#.........?# #.#......
#..........# #........
#..........# ###.##...
#.........(# .. ..#
#.# ... .. #@# ... #g#
... ###g### ...
#.....#########...
#.(...............
#.....g....#......
######.h...#!.... .
#........# #
#...g[.#.# ##.


You could see 2 gnolls.

Vanquished Creatures
  An adder (D:2)
  A gnoll (D:2)
  A worm (D:2)
  A dart slug (D:1)
  A giant cockroach (D:1)
  3 hobgoblins
  3 jackals (D:2)
  4 bats
  3 frilled lizards
  A goblin (D:1)
  6 kobolds
  5 rats
30 creatures vanquished.

Notes
Turn   | Place    | Note
-------+----------+-------------------------------------------
     0 | D:1      | BlueFish the Minotaur Fighter began the quest for the Orb.
     0 | D:1      | Reached XP level 1. HP: 19/19 MP: 0/0
   226 | D:1      | Reached XP level 2. HP: 18/27 MP: 1/1
   751 | D:2      | Reached XP level 3. HP: 28/33 MP: 2/2
   812 | D:2      | Slain by a gnoll

Levels and vault maps discovered:
D:1:      dpeg_arrival_tiny_g, layout_basic
D:2:      layout_rooms

Skill      XL: |  1  2  3 |
---------------+----------+-----
Armour         | 4 |  4.6
Fighting       | 4 |  4.1
Shields        | 4 |  4.0
Long Blades    | 3 |  3.0
Dodging        | |  0.2

Action                   || total
-------------------------++-------
Melee: Long sword        ||    49
       Headbutt          ||     7
  Use: Scroll            ||     3
Armor: Scale mail        ||     4
       Ring mail         ||    13
Dodge: Dodged            ||    45
       Rpst.: Long sword ||    10

Table legend:
 A = Non-vault XP
 B = Vault XP
 C = Vault XP percentage of total XP
 D = Non-vault monster count
 E = Vault monster count
 F = Vault count percentage of total count
                 A         B        C        D         E       F
            +---------+---------+-------+---------+---------+-------
      Total |      75 |       0 |   0.0 |      30 |       0 |   0.0
            +---------+---------+-------+---------+---------+-------
        D:1 |      23 |       0 |   0.0 |      15 |       0 |   0.0
        D:2 |      52 |       0 |   0.0 |      15 |       0 |   0.0
            +---------+---------+-------+---------+---------+-------
